PR
TULSA OTTERS @ SAN DIEGO CLIPPERS
07/02/2032
 
TOP OF THE 1ST
Tulsa Otters batting - Pitching for San Diego Clippers : RHP Fernando Colón
Pitching: RHP Fernando Colón
Batting: RHB Fernando Montáñez 0-0: Ball
1-0: Ball
2-0: Ground out 3-1 (Groundball, 34)
Batting: RHB Pat Hopkins 0-0: Foul Ball, location: 2F
0-1: Ball
1-1: Ground out 5-3 (Groundball, 56S)
Batting: RHB Michel Morand 0-0: Called Strike
0-1: Swinging Strike
0-2: Ball
1-2: Ball
2-2: Foul Ball, location: 2F
2-2: Strikes out swinging
Top of the 1st over - 0 runs, 0 hits, 0 errors, 0 left on base; Tulsa 0 - San Diego 0
BOTTOM OF THE 1ST
San Diego Clippers batting - Pitching for Tulsa Otters : RHP Kingston Liniak
Pitching: RHP Kingston Liniak
Batting: LHB Chet Clifton 0-0: Ball
1-0: Called Strike
1-1: Swinging Strike
1-2: Ball
2-2: Strikes out swinging
Batting: RHB Zhen-bang Kwan 0-0: Called Strike
0-1: Ball
1-1: Foul Ball, location: 2F
1-2: Ball
2-2: Foul Ball, location: 2F
2-2: Ground out 6-3 (Groundball, 6S)
Batting: RHB Roberto Reyes 0-0: Ball
1-0: Ball
2-0: Called Strike
2-1: Fly out, F6 (Popup, 6M)
Bottom of the 1st over - 0 runs, 0 hits, 0 errors, 0 left on base; Tulsa 0 - San Diego 0
TOP OF THE 2ND
Tulsa Otters batting - Pitching for San Diego Clippers : RHP Fernando Colón
Batting: RHB Lenny Penaligan 0-0: Foul Ball, location: 2F
0-1: Ground out 4-3 (Groundball, 4)
Batting: RHB Louis Chevrolet 0-0: Ball
1-0: Called Strike
1-1: Foul Ball, location: 2F
1-2: Ball
2-2: Ball
3-2: Strikes out swinging
Batting: RHB Kristoffer Melin 0-0: Called Strike
0-1: Foul Ball, location: 2F
0-2: Foul Ball, location: 2F
0-2: Foul Ball, location: 2F
0-2: TRIPLE (Line Drive, 9D)
Batting: RHB Brian Rowe 0-0: Called Strike
0-1: Ball
1-1: Called Strike
1-2: Ball
2-2: Foul Ball, location: 2F
2-2: Strikes out swinging
Top of the 2nd over - 0 runs, 1 hit, 0 errors, 1 left on base; Tulsa 0 - San Diego 0
BOTTOM OF THE 2ND
San Diego Clippers batting - Pitching for Tulsa Otters : RHP Kingston Liniak
Batting: LHB Pablo Martínez 0-0: Ball
1-0: Ground out 6-3 (Groundball, 6)
Batting: LHB Dan Hines 0-0: Swinging Strike
0-1: Ball
1-1: Called Strike
1-2: Strikes out swinging, 2-3 out at first.
Batting: RHB Cleveland Mortimer 0-0: SINGLE (Line Drive, 9LS)
Batting: LHB Luis López Pickoff Throw to First - Out!
Bottom of the 2nd over - 0 runs, 1 hit, 0 errors, 0 left on base; Tulsa 0 - San Diego 0
TOP OF THE 3RD
Tulsa Otters batting - Pitching for San Diego Clippers : RHP Fernando Colón
Batting: RHB Fernando Flores 0-0: Ball
1-0: Foul Ball, location: 2F
1-1: Fly out, F9 (Flyball, 9LSF)
Batting: RHB Jaypee Layug 0-0: Ball
1-0: Foul Ball, location: 2F
1-1: Swinging Strike
1-2: Ball
2-2: Ball
3-2: Strikes out swinging
Batting: RHB Fernando Montáñez 0-0: Ground out 4-3 (Groundball, 4M)
Top of the 3rd over - 0 runs, 0 hits, 0 errors, 0 left on base; Tulsa 0 - San Diego 0
BOTTOM OF THE 3RD
San Diego Clippers batting - Pitching for Tulsa Otters : RHP Kingston Liniak
Batting: LHB Luis López 0-0: Called Strike
0-1: Called Strike
0-2: Foul Ball, location: 2F
0-2: Fly out, F9 (Flyball, 9)
Batting: RHB Sze Qi 0-0: Ball
1-0: Fly out, F5 (Popup, 5SF)
Batting: RHB David Sheehan 0-0: Ball
1-0: Swinging Strike
1-1: Swinging Strike
1-2: Foul Ball, location: 2F
1-2: Foul Ball, location: 2F
1-2: Strikes out looking
Bottom of the 3rd over - 0 runs, 0 hits, 0 errors, 0 left on base; Tulsa 0 - San Diego 0
TOP OF THE 4TH
Tulsa Otters batting - Pitching for San Diego Clippers : RHP Fernando Colón
Batting: RHB Pat Hopkins 0-0: Foul Ball, location: 2F
0-1: Foul Ball, location: 2F
0-2: Foul Ball, location: 2F
0-2: Foul Ball, location: 2F
0-2: Ground out 6-3 (Groundball, 6)
Batting: RHB Michel Morand 0-0: SINGLE (Groundball, 4D)
Batting: RHB Lenny Penaligan 0-0: Ball
1-0: Foul Ball, location: 2F
1-1: Swinging Strike
1-2: Foul Ball, location: 2F
1-2: Ball
2-2: DOUBLE (Line Drive, 7LM)
Michel Morand to third
Batting: RHB Louis Chevrolet 0-0: Foul Ball, location: 2F
0-1: Swinging Strike
0-2: Ball
1-2: TRIPLE (Flyball, 7D)
Michel Morand scores
Lenny Penaligan scores
Batting: RHB Kristoffer Melin 0-0: SINGLE (Groundball, 4MD)
Louis Chevrolet scores
Batting: RHB Brian Rowe 0-0: Called Strike
0-1: Grounds into double play, 5-4-3 (Groundball, 5L)
Top of the 4th over - 3 runs, 4 hits, 0 errors, 0 left on base; Tulsa 3 - San Diego 0
BOTTOM OF THE 4TH
San Diego Clippers batting - Pitching for Tulsa Otters : RHP Kingston Liniak
Batting: LHB Chet Clifton 0-0: Ball
1-0: Foul Ball, location: 2F
1-1: Swinging Strike
1-2: Strikes out swinging, 2-3 out at first.
Batting: RHB Zhen-bang Kwan 0-0: Ball
1-0: Ball
2-0: SINGLE (Groundball, 6MD)
Batting: RHB Roberto Reyes 0-0: Ball
Wild Pitch!
Zhen-bang Kwan to second
1-0: Ground out 6-3 (Groundball, 6)
Zhen-bang Kwan to third
Batting: LHB Pablo Martínez 0-0: Called Strike
0-1: Swinging Strike
0-2: Ball
1-2: Strikes out looking
Bottom of the 4th over - 0 runs, 1 hit, 0 errors, 1 left on base; Tulsa 3 - San Diego 0
TOP OF THE 5TH
Tulsa Otters batting - Pitching for San Diego Clippers : RHP Fernando Colón
Batting: RHB Fernando Flores 0-0: Ball
1-0: Ball
2-0: SINGLE (Line Drive, 8LS)
Batting: RHB Jaypee Layug 0-0: Ball
1-0: Called Strike
1-1: Called Strike
1-2: Foul Ball, location: 2F
1-2: Strikes out swinging
Batting: RHB Fernando Montáñez 0-0: Foul Ball, location: 2F
0-1: Ball
1-1: Fly out, F7 (Flyball, 78M)
Batting: RHB Pat Hopkins 0-0: Ball
1-0: Swinging Strike
1-1: Foul Ball, location: 2F
1-2: Fly out, F9 (Flyball, 89S)
Top of the 5th over - 0 runs, 1 hit, 0 errors, 1 left on base; Tulsa 3 - San Diego 0
BOTTOM OF THE 5TH
San Diego Clippers batting - Pitching for Tulsa Otters : RHP Kingston Liniak
Batting: LHB Dan Hines 0-0: Ball
1-0: Ball
2-0: Called Strike
2-1: Ball
3-1: Called Strike
3-2: Base on Balls
Batting: RHB Cleveland Mortimer 0-0: Called Strike
0-1: Foul Ball, location: 2F
0-2: Ball
1-2: Foul Ball, location: 2F
1-2: Ball
2-2: Foul Ball, location: 2F
2-2: Foul Ball, location: 2F
2-2: Strikes out looking
Batting: LHB Luis López 0-0: Foul Ball, location: 2F
0-1: Ball
1-1: Grounds into double play, 4-6-3 (Groundball, 4)
Bottom of the 5th over - 0 runs, 0 hits, 0 errors, 0 left on base; Tulsa 3 - San Diego 0
TOP OF THE 6TH
Tulsa Otters batting - Pitching for San Diego Clippers : RHP Fernando Colón
Batting: RHB Michel Morand 0-0: Ball
1-0: Swinging Strike
1-1: Swinging Strike
1-2: Ball
2-2: Foul Ball, location: 2F
2-2: Strikes out looking
Batting: RHB Lenny Penaligan 0-0: Reached on error, E5 (Groundball, 5S)
Batting: RHB Louis Chevrolet 0-0: Ball
1-0: SINGLE (Line Drive, 4)
Lenny Penaligan to second
Runner from 2nd tries for 3rd, SAFE, no throw
Batting: RHB Kristoffer Melin 0-0: Called Strike
0-1: Called Strike
0-2: Foul Ball, location: 2F
0-2: Strikes out looking
Batting: RHB Brian Rowe 0-0: Ball
1-0: Ball
2-0: Ball
3-0: Called Strike
3-1: Ground out 4-3 (Groundball, 34)
Top of the 6th over - 0 runs, 1 hit, 1 error, 2 left on base; Tulsa 3 - San Diego 0
BOTTOM OF THE 6TH
San Diego Clippers batting - Pitching for Tulsa Otters : RHP Kingston Liniak
Batting: RHB Sze Qi 0-0: Fly out, F8 (Flyball, 8RM)
Batting: RHB David Sheehan 0-0: Foul Ball, location: 2F
0-1: Ground out 5-3 (Groundball, 56)
Batting: LHB Chet Clifton 0-0: Called Strike
0-1: Fly out, F7 (Flyball, 7LD)
Bottom of the 6th over - 0 runs, 0 hits, 0 errors, 0 left on base; Tulsa 3 - San Diego 0
TOP OF THE 7TH
Tulsa Otters batting - Pitching for San Diego Clippers : RHP Fernando Colón
Batting: RHB Fernando Flores 0-0: Called Strike
0-1: Ball
1-1: Foul Ball, location: 2F
1-2: SINGLE (Groundball, 6S) (infield hit)
Batting: RHB Jaypee Layug 0-0: Ball
1-0: SINGLE (Line Drive, 78S)
Fernando Flores to second
Batting: RHB Fernando Montáñez 0-0: Fielders Choice at 2nd, 3-6 (Groundball, 34)
Fernando Flores to third
Batting: RHB Pat Hopkins 0-0: Ball
1-0: Ball
Fernando Montáñez is caught stealing 2nd base
2-0: Called Strike
2-1: Foul Ball, location: 2F
2-2: Hit by Pitch
Pitching: RHP Freddy Martínez
Batting: RHB Michel Morand 0-0: Ball
1-0: Fly out, F7 (Line Drive, 7D)
Top of the 7th over - 0 runs, 2 hits, 0 errors, 2 left on base; Tulsa 3 - San Diego 0
BOTTOM OF THE 7TH
San Diego Clippers batting - Pitching for Tulsa Otters : RHP Kingston Liniak
Batting: RHB Zhen-bang Kwan 0-0: Ground out 3-1 (Groundball, 34S)
Batting: RHB Roberto Reyes 0-0: Ball
1-0: Called Strike
1-1: Foul Ball, location: 2F
1-2: Fly out, F8 (Flyball, 8RD)
Batting: LHB Pablo Martínez 0-0: Called Strike
0-1: Ball
1-1: Swinging Strike
1-2: Ground out 6-3 (Groundball, 6)
Bottom of the 7th over - 0 runs, 0 hits, 0 errors, 0 left on base; Tulsa 3 - San Diego 0
TOP OF THE 8TH
Tulsa Otters batting - Pitching for San Diego Clippers : RHP Freddy Martínez
Batting: RHB Lenny Penaligan 0-0: Foul Ball, location: 2F
0-1: Called Strike
0-2: Strikes out swinging
Batting: RHB Louis Chevrolet 0-0: Ball
1-0: Foul Ball, location: 2F
1-1: Ground out 4-3 (Groundball, 4MS)
Batting: RHB Kristoffer Melin 0-0: Ball
1-0: Foul Ball, location: 2F
1-1: Swinging Strike
1-2: Ground out 3-1 (Groundball, 34)
Top of the 8th over - 0 runs, 0 hits, 0 errors, 0 left on base; Tulsa 3 - San Diego 0
BOTTOM OF THE 8TH
San Diego Clippers batting - Pitching for Tulsa Otters : RHP Kingston Liniak
Batting: LHB Dan Hines 0-0: Called Strike
0-1: Called Strike
0-2: Foul Ball, location: 2F
0-2: Foul Ball, location: 2F
0-2: Ground out 6-3 (Groundball, 6)
Batting: RHB Cleveland Mortimer 0-0: Ball
1-0: Swinging Strike
1-1: Ball
2-1: Fly out, F6 (Popup, 6MD)
Batting: LHB Luis López 0-0: Called Strike
0-1: Ball
1-1: Foul Ball, location: 2F
1-2: Foul Ball, location: 2F
1-2: Strikes out swinging
Bottom of the 8th over - 0 runs, 0 hits, 0 errors, 0 left on base; Tulsa 3 - San Diego 0
TOP OF THE 9TH
Tulsa Otters batting - Pitching for San Diego Clippers : RHP Freddy Martínez
Batting: RHB Brian Rowe 0-0: Foul Ball, location: 2F
0-1: Ball
1-1: Ball
2-1: Swinging Strike
2-2: Foul Ball, location: 2F
2-2: SINGLE (Line Drive, 8LM)
Batting: RHB Fernando Flores 0-0: Sac Bunt - play at first, batter OUT! 2-3
Brian Rowe to second
Batting: RHB Jaypee Layug 0-0: Ball
1-0: Ball
2-0: Called Strike
2-1: Swinging Strike
2-2: Strikes out swinging
Batting: RHB Fernando Montáñez 0-0: Called Strike
0-1: Ball
1-1: Ground out 4-3 (Groundball, 4)
Top of the 9th over - 0 runs, 1 hit, 0 errors, 1 left on base; Tulsa 3 - San Diego 0
BOTTOM OF THE 9TH
San Diego Clippers batting - Pitching for Tulsa Otters : RHP Kingston Liniak
Now in RF: Mathis Bonnet
Batting: RHB Sze Qi 0-0: Called Strike
0-1: Foul Ball, location: 2F
0-2: Ball
1-2: Ball
2-2: Foul Ball, location: 2F
2-2: Foul Ball, location: 2F
2-2: Foul Ball, location: 2F
2-2: Foul Ball, location: 2F
2-2: Foul Ball, location: 2F
2-2: Reached on error, E6 (Groundball, 56)
Pitching: LHP Jim Stanton
Batting: RHB David Sheehan 0-0: Ball
1-0: Called Strike
1-1: Ball
2-1: Ball
3-1: Called Strike
3-2: Ground out 4-3 (Groundball, 4S)
Sze Qi to second
Batting: LHB Chet Clifton 0-0: Fly out, F7 (Flyball, 7S)
Batting: RHB Zhen-bang Kwan 0-0: Called Strike
0-1: SINGLE (Groundball, 56S) (infield hit)
Sze Qi to third
Batting: RHB Roberto Reyes 0-0: Ball
1-0: Ball
2-0: Called Strike
2-1: Fly out, F7 (Flyball, 7LS)
Bottom of the 9th over - 0 runs, 1 hit, 1 error, 2 left on base; Tulsa 3 - San Diego 0
Wednesday, September 19th, 2018 - OOTP Baseball 18.8 Build 76